AoeStats
← Brummkäfer

Migration

508285286Analyzed
1v1 RM · 12d ago on Sep 21, 2026· 102m 47s· 2 players
Game mode
Random Map
Map size
132×132
Population
200
Speed
Normal
Resources
Standard
Victory
Conquest
Starting age
Dark Age
Ending age
Imperial Age
RankedLock teamsTeams togetherTeam positionsShared explorationLock speedFull tech treeHidden civsTurbo modeCheats
Victory
Defeat
🇹🇷 Huns · Türkiye
709
+17
🇩🇪 Bulgarians · Germany
727
-17
mehmet.eroztoprak
16:42 Feudal Age
18:42 Fletching
19:03 Forging
21:30 Castle Age
22:07 Bodkin Arrow
22:49 Iron Casting
22:10 Loom
24:35 Medium Warships
28:34 Imperial Age
31:40 Heavy Warships
32:09 Pikeman
50:09 Wheelbarrow
49:18 Horse Collar
57:42 Elite Tarkan
59:50 Hand Cart
69:47 Squires
69:08 Halberdier
77:31 Bracer
78:32 Blast Furnace
77:33 Scale Mail Armor
79:08 Arson
99:04 Chain Mail Armor
Brummkäfer
7:53 Loom
10:31 Feudal Age
15:53 Wheelbarrow
18:09 Castle Age
16:46 Forging
17:07 Stone Mining
18:05 Gold Mining
18:04 Double-Bit Axe
18:39 Scale Barding Armor
19:19 Horse Collar
21:56 Iron Casting
32:00 Hand Cart
32:37 Bow Saw
34:55 Chain Barding Armor
35:43 Gold Shaft Mining
35:44 Stone Shaft Mining
37:10 Town Watch
38:44 Demolition Ship
39:40 Heavy Plow
40:12 Fletching
42:12 Medium Warships
42:45 Squires
42:33 Arson
42:57 Town Patrol
45:22 Bodkin Arrow
49:55 Imperial Age
51:48 Pikeman
52:38 Stirrups
53:11 Conscription
53:48 Halberdier
60:42 Blast Furnace
59:42 Bracer
60:19 Plate Barding Armor
65:12 Stirrups
70:29 Chemistry
69:49 Ballistics
75:49 Murder Holes
79:13 Crop Rotation
99:26 Heavy Warships
99:16 Cavalier
99:56 Husbandry
Connection lost

Rejoining the realm…

Still unreachable

The connection could not be restored.

Session expired

The server has moved on; the page needs a fresh start.